 Dungeon Crawl Stone Soup version 0.32-a0-876-gcfddb08e57 (webtiles) character file.

Game seed: 10278181500081961403

1963 cjoo the Arsonist (level 9, -3/118 HPs)
             Began as an Oni Fire Elementalist on Mar 31, 2024.
             Was an Elder of Ignis.
             Slain by Maggie
             ... wielding the +9 lance "Wyrmbane" {slay drac, rPois rF+ rC+ AC+3}
              (4 damage)
             ... on level 6 of the Dungeon on Apr 1, 2024.
             The game lasted 00:19:36 (6804 turns).

cjoo the Arsonist (Oni Fire Elementalist)           Turns: 6804, Time: 00:19:37

Health: -3/118     AC: 24    Str: 14    XL:     9   Next: 19%
Magic:  5/13       EV:  1    Int: 20    God:    Ignis [****..]
Gold:   304        SH:  0    Dex: 12    Spells: 4/14 levels left

rFire   + . .        a - +6 long sword "Sacockak" {freeze, Dex+3}
rCold   . . .        (no shield)
rNeg    . . .        o - melded +1 robe
rPois   +            (helmet currently unavailable)
rElec   .            (cloak currently unavailable)
rCorr   +            (gloves unavailable)
SInv    .            (boots unavailable)
Will    .....        (no amulet)
Stlth   ++           t - ring of resist corrosion
HPRegen 0.39/turn    (no ring)
MPRegen 0.13/turn

%: no passive effects
@: lethally poisoned (-3 -> -5), tree-form, mesmerised, hasted, studying
Conjurations, very quick
A: stationary, stasis, torment immunity, boosted hp, large, unfitting armour,
(horns 1), (tough skin 1), double potion healing, drunken brawling
a: Renounce Religion, Fiery Armour, Foxfire Swarm, Rising Flame


You were on level 6 of the Dungeon.
You worshipped Ignis.
Ignis was greatly pleased with you.
You were a tree.
You visited 1 branch of the dungeon, and saw 6 of its levels.

You collected 304 gold pieces.

Inventory:

Hand Weapons
 a - the +6 long sword "Sacockak" (weapon) {freeze, Dex+3}
   (You found it on level 2 of the Dungeon)

   Dex+3:     It affects your dexterity (+3).
 c - a +0 sling
 d - a +2 flail of protection
 f - a +2 whip of flaming
 r - a +0 orcbow
 x - a +0 giant spiked club
Missiles
 g - 7 poisoned darts (quivered)
 k - 45 stones
 v - 8 boomerangs
 w - a throwing net
Armour
 o - a +1 robe (melded)
Magical Staves
 q - a staff of conjuration
Jewellery
 t - a ring of resist corrosion (left branch)
Wands
 y - a wand of iceblast (22)
Scrolls
 e - a scroll of enchant weapon
 i - 2 scrolls of fear
 j - 2 scrolls of enchant armour
 l - a scroll of acquirement {unknown}
 n - a scroll of amnesia {unknown}
 u - a scroll of summoning {unknown}
 z - a scroll of torment {unknown}
 A - a scroll of teleportation {unknown}
Potions
 b - a potion of magic
 h - a potion of cancellation
 m - a potion of invisibility
 p - a potion of haste
 s - 2 potions of lignification


   Skills:
 + Level 2.1 Fighting
 - Level 1.7 Dodging
 - Level 3.0 Stealth
 - Level 3.0 Spellcasting
 * Level 6.1 Conjurations
 + Level 9.5 Fire Magic


You had 4 spell levels left.
You knew the following spells:

 Your Spells              Type           Power      Damage    Failure   Level
a - Foxfire               Conj/Fire      100%       2x1d9     1%          1
b - Scorch                Fire           82%        2d8       1%          2
c - Inner Flame           Hex/Fire       22%        N/A       6%          3
d - Flame Wave            Conj/Fire      34%        2d10      5%          4

Your spell library contained the following spells:

 Spells                   Type           Power      Damage    Failure   Level
 Volatile Blastmotes      Fire/Tloc      44%        2d13      6%          3
 Dazzling Flash           Conj/Hex       30%        N/A       12%         3
 Summon Small Mammal      Summ           12%        N/A       14%         1
 Mephitic Cloud           Conj/Alch/Air  11%        N/A       19%         3
 Summon Blazeheart Golem  Fire/Summ      22%        N/A       21%         4
 Mercury Vapours          Alch/Air       6%         N/A       22%         2
 Call Canine Familiar     Summ           3%         N/A       38%         3
 Sigil of Binding         Hex            3%         N/A       38%         3
 Dimensional Bullseye     Hex/Tloc       1%         N/A       80%         4
 Freezing Cloud           Conj/Ice/Air   5%         6-21      86%         5
 Curse of Agony           Necr           3%         N/A       98%         5
 Silence                  Hex/Air        1%         N/A       98%         5


Dungeon Overview and Level Annotations

Branches:
Dungeon (6/15)
 Temple: D:4-7

Altars:
Elyvilon
Fedhas
Gozag
Xom
Yredelemnul
Zin
Ignis

Shops:
D:1 *

Portals:
Abyss: D:3

Annotations:
D:3 2 transporters, Terence
D:4 Ijyb
D:6 Maggie


Innate Abilities, Weirdness & Mutations

You are a tree.
Your roots penetrate the ground, keeping you stationary.
You cannot be teleported.
You are immune to unholy pain and torment.
Your maximum health is greatly increased.
Your equipment is partially melded.
You are too large for most types of armour.
((You have a pair of small horns on your head.))
((You have tough skin. (AC +1)))
You gain doubled healing and magic from potions.
Whenever you drink a healing potion, you attack all around you.


Message History

The bolt of fire hits you. You resist.
* * * LOW HITPOINT WARNING * * *
Okay, then.
* * * LOW HITPOINT WARNING * * *
You feel sick.
Unknown command.
You are lethally poisoned (4 -> -1).
You are a tree.
You are mesmerised.
Your actions are hasted.
You are studying Conjurations.
Your movement speed is very quick.
Your attack delay is about 0.8.
Your damage rating with the +6 long sword "Sacockak" {freeze, Dex+3} is about 16 (Base 10 x 105% (Dex) x 103% (Skill) + 6 (Ench)).
Your base attributes are Str 14, Int 20, Dex 9.
Unknown command.
You cannot move.
Aiming: Iceblast
Press: ? - help, Shift-Dir - straight line, f - Maggie
Aim: Maggie, wielding the +9 lance "Wyrmbane" {slay drac, rPois rF+ rC+ AC+3} and wearing +2 swamp dragon scales (mesmerising)
The mass of ice explodes!
The iceblast engulfs Maggie.
Maggie partially resists.
Maggie is lightly wounded.
* * * LOW HITPOINT WARNING * * *
You feel sick. Maggie hits you but does no damage.
Aiming: Iceblast
Press: ? - help, Shift-Dir - straight line, f/p - Maggie
Aim: Maggie, wielding the +9 lance "Wyrmbane" {slay drac, rPois rF+ rC+ AC+3} and wearing +2 swamp dragon scales (lightly wounded, mesmerising)
The mass of ice explodes!
The iceblast engulfs Maggie.
Maggie partially resists.
Maggie is lightly wounded.
* * * LOW HITPOINT WARNING * * *
You feel sick.
Aiming: Iceblast
Press: ? - help, Shift-Dir - straight line, f/p - Maggie
Aim: Maggie, wielding the +9 lance "Wyrmbane" {slay drac, rPois rF+ rC+ AC+3} and wearing +2 swamp dragon scales (lightly wounded, mesmerising)
The mass of ice explodes!
The iceblast engulfs Maggie but does no damage.
Maggie is lightly wounded.
* * * LOW HITPOINT WARNING * * *
You feel sick.
Maggie hits you from afar with the +9 lance "Wyrmbane".
You die...
Ignis goes out, and joins you in death.

.#######............
#.. .#.# ..........h#
+# #..### .#.#
...........##.#
#....#+##
...########...........#
#........ ........
........S### #........
........ .........#
#........ ........
.........# #........
........ ########.#
#........ ........
#..♣†@.# #....####
........ #.######
#....# ........
#.##########....####
########
#.#..........#####..
#.#.######....####..
#......# #..#.#....#
###.##.# #....####.#
####.##.# ##.### #.#
#....##.# #.# ###


You could see Maggie (mesmerising).

Vanquished Creatures
  Pikel (D:4)
  Eustachio (D:5)
  A water moccasin (D:5)
  2 ice beasts
  2 ogres (D:5)
  A centaur (D:5)
  2 lemures
  Blork the orc (D:4)
  2 scorpions
  5 hounds
  3 orc priests
  A jelly (D:6)
  Jessica (D:2)
  3 iguanas
  An orc wizard (D:3)
  14 gnolls
  3 adders
  2 white imps
  2 ufetubi (D:5)
  2 ribbon worms
  9 orcs
  7 ball pythons
  4 endoplasms
  3 giant cockroaches
  6 goblins
  7 hobgoblins
  4 kobolds
  7 quokkas
  7 bats
  2 frilled lizards
  8 rats
114 creatures vanquished.

Vanquished Creatures (collateral kills)
  A foxfire (D:1)
1 creature vanquished.

Vanquished Creatures (others)
  292 foxfires
292 creatures vanquished.

Grand Total: 407 creatures vanquished

Notes
Turn   | Place    | Note
-------+----------+-------------------------------------------
     0 | D:1      | cjoo the Oni Fire Elementalist began the quest for the Orb.
     0 | D:1      | Reached XP level 1. HP: 16/16 MP: 3/3
    27 | D:1      | Found a faded altar of an unknown god.
    29 | D:1      | Found Ynus's Assorted Antiques.
    38 | D:1      | Prayed at the altar of an unknown god.
    38 | D:1      | Became a worshipper of Ignis, the Dying Flame
   259 | D:1      | Reached XP level 2. HP: 24/24 MP: 1/5
   312 | D:1      | Reached skill level 3 in Fire Magic
   874 | D:1      | Reached XP level 3. HP: 31/31 MP: 3/6
   903 | D:1      | Learned a level 2 spell: Scorch
  1342 | D:2      | Identified the +6 long sword "Sacockak" {freeze, Dex+3}
  1380 | D:2      | Noticed Jessica
  1388 | D:2      | Killed Jessica
  1398 | D:2      | Reached XP level 4. HP: 39/39 MP: 2/7
  2012 | D:2      | Reached skill level 1 in Conjurations
  2300 | D:3      | Noticed a small abomination
  2313 | D:3      | Reached skill level 4 in Fire Magic
  2313 | D:3      | Reached XP level 5. HP: 45/45 MP: 3/8
  2316 | D:3      | Noticed a small abomination
  2606 | D:3      | Found a transporter.
  2613 | D:3      | Found a one-way gate to the infinite horrors of the Abyss.
  2623 | D:3      | Found a transporter.
  2905 | D:3      | Noticed Terence
  3276 | D:4      | Learned a level 3 spell: Inner Flame
  3463 | D:4      | Noticed Blork the orc
  3482 | D:4      | HP: 2/45 [Blork the orc/puff of frost (5)]
  3658 | D:4      | Killed Blork the orc
  3659 | D:4      | Reached XP level 6. HP: 12/53 MP: 0/10
  3995 | D:4      | Found a glowing silver altar of Zin.
  4118 | D:4      | Noticed Pikel
  4150 | D:4      | Killed Pikel
  4151 | D:4      | Reached skill level 5 in Conjurations
  4151 | D:4      | Reached skill level 6 in Fire Magic
  4151 | D:4      | Reached XP level 7. HP: 50/59 MP: 6/11
  4480 | D:4      | Noticed Ijyb
  4605 | D:5      | Entered Level 5 of the Dungeon
  4671 | D:5      | Found a white marble altar of Elyvilon.
  4810 | D:5      | Reached skill level 7 in Fire Magic
  4810 | D:5      | Reached XP level 8. HP: 45/67 MP: 6/12
  5247 | D:5      | Reached skill level 8 in Fire Magic
  5640 | D:5      | Noticed Eustachio
  5662 | D:5      | Found a shimmering altar of Xom.
  5665 | D:5      | Killed Eustachio
  5666 | D:5      | Reached skill level 9 in Fire Magic
  5688 | D:5      | Found an opulent altar of Gozag.
  5850 | D:5      | Reached XP level 9. HP: 74/74 MP: 8/13
  5889 | D:5      | Learned a level 4 spell: Flame Wave
  5923 | D:5      | Found a basalt altar of Yredelemnul.
  5926 | D:5      | Found a blossoming altar of Fedhas.
  6290 | D:6      | Reached skill level 1 in Fighting
  6795 | D:6      | Noticed Maggie
  6800 | D:6      | HP: 4/118 [Maggie/bolt of fire (2)]
  6804 | D:6      | HP: 1/118 [poisoned by a scorpion]
  6804 | D:6      | Slain by Maggie

Illustrated notes

Levels and vault maps discovered:
D:1:      nzn_arrival_crosshair, layout_basic,
          hellmonk_ecumenical_altar_pennies_from_heaven, serial_shops, shop,
          minmay_heptomino_h4
D:2:      layout_loops_ring, dreamdust_mushroom_princess, uniq_jessica
D:3:      layout_loops_cross, gammafunk_ghost_abyssal_escape, uniq_terence
D:4:      layout_loops_cross, kennysheep_mini, marbit_many_paths, trog_wizard,
          uniq_ijyb, uniq_blork_the_orc, uniq_pikel
D:5:      minmay_spotlight, layout_gridville, elyvilon_altar_5,
          nicolae_overflow_hidden_temple, uniq_eustachio
D:6:      layout_basic, uniq_maggie

Skill      XL: |  1  2  3  4  5  6  7  8  9 |
---------------+----------------------------+-----
Fire Magic     | 3 4 6 7 9 |  9.5
Stealth        | 2 3 |  3.0
Conjurations   | 2 3 5 6 |  6.1
Spellcasting   | 3 |  3.0
Fighting       | 2 |  2.1
Dodging        | |  1.7

Action                     |  1- 3 |  4- 6 |  7- 9 || total
---------------------------+-------+-------+-------++-------
  Melee: Spear             |     9 |       |       ||     9
         Headbutt          |     2 |     4 |     7 ||    13
         Long sword        |       |    35 |    33 ||    68
   Cast: Foxfire           |    35 |    68 |    72 ||   175
         Scorch            |     1 |     9 |    18 ||    28
 Invoke: Fiery Armour      |       |     2 |     1 ||     3
  Evoke: Wand              |       |       |     5 ||     5
    Use: Scroll            |       |     4 |     4 ||     8
         Potion            |       |     3 |     3 ||     6
   Stab: Sleeping          |       |     1 |       ||     1
 Armour: Robe              |    22 |    73 |    97 ||   192
         Skin              |       |     2 |     4 ||     6
  Dodge: Dodged            |    23 |    33 |    72 ||   128

Table legend: (Time is in decaauts)
 A = Elapsed time spent in this place.
 B = Non-inter-level travel time spent in this place.
 C = Inter-level travel time spent in this place.
 D = Time resting spent in this place.
 E = Time spent auto-exploring this place.
 F = Levels seen in this place.
 G = Mean time per level.
                   A        B        C        D        E       F      G
               +--------+--------+--------+--------+--------+-----+--------+
         Total |   6829 |   6672 |    157 |   1930 |   3300 |   6 | 1138.2 |
       Dungeon |   6829 |   6672 |    157 |   1930 |   3300 |   6 | 1138.2 |
               +--------+--------+--------+--------+--------+-----+--------+

Top non-repeatable levels by time:
     D:5: 1536 daAuts
     D:1: 1306 daAuts
     D:4: 1182 daAuts
     D:3: 1139 daAuts
     D:2: 1046 daAuts
     D:6: 618 daAuts
